 Dungeon Crawl Stone Soup version 0.31-a0-743-g45f7035092 (console) character file.

Game seed: 301794339500692032

71995 cutecrawler the Cruncher (level 15, -3/119 HPs)
             Began as a Gnoll Wanderer on Sept 12, 2023.
             Was the Champion of Cheibriados.
             Shot with a bolt by a yaktaur captain (8 damage)
             ... on level 13 of the Dungeon.
             The game lasted 00:51:31 (18812 turns).

cutecrawler the Cruncher (Gnoll Wanderer)          Turns: 18812, Time: 00:51:32

Health: -3/119     AC: 20    Str: 24    XL:     15   Next: 38%
Magic:  29/29      EV: 22    Int: 41    God:    Cheibriados [******]
Gold:   1460       SH:  0    Dex: 31    Spells: 16/35 levels left

rFire   . . .        a - +9 quarterstaff {heavy, Dex+3}
rCold   . . .        (shield currently unavailable)
rNeg    . . .        X - quicksilver dragon scales
rPois   +            u - +1 helmet
rElec   .            D - +0 cloak
rCorr   .            y - +1 Delatra's gloves {ID++}
SInv    .            (no boots)
Will    ++...        E - amulet of regeneration
Stlth   +++++        r - +4 ring of slaying
HPRegen 1.19/turn    C - ring of Free Expression {rPois Int+6}
MPRegen 0.21/turn

%: no passive effects
@: studying Stealth, very slow
A: fangs 1, strong nose, distributed training
a: Renounce Religion, Bend Time, Temporal Distortion, Slouch, Step From Time


You were on level 13 of the Dungeon.
You worshipped Cheibriados.
Cheibriados was exalted by your worship.
You visited 3 branches of the dungeon, and saw 19 of its levels.
You also visited: Ossuary and Ice Cave.

You collected 1460 gold pieces.

Inventory:

Hand Weapons
 a - the +9 quarterstaff of Subterfuge (weapon) {heavy, Dex+3}
   (You found it on level 3 of the Lair of Beasts)

   Dex+3:     It affects your dexterity (+3).
Missiles
 d - 2 curare-tipped darts
 j - a throwing net
Armour
 u - a +1 helmet (worn)
 y - the +1 Delatra's gloves (worn) {ID++}
   (You found it on level 6 of the Dungeon)

   ID++:      It heals its wearer when they drink unknown potions, and restores
   their MP when they read unknown scrolls.
 D - a +0 cloak (worn)
 X - quicksilver dragon scales (worn)
Magical Staves
 v - a staff of air
Jewellery
 l - a ring of see invisible
 r - a +4 ring of slaying (left hand)
 s - an amulet of reflection
 C - the ring of Free Expression (right hand) {rPois Int+6}
   (You acquired it on level 8 of the Dungeon)

   [ring of intelligence]

   Int+6:     It affects your intelligence (+6).
   rPois:     It protects you from poison
 E - an amulet of regeneration (around neck)
 I - a ring of flight
 V - a ring of protection from cold
Wands
 e - a wand of mindburst (10)
 i - a wand of flame (27)
 t - a wand of roots (12)
 J - a wand of paralysis (10)
 M - a wand of quicksilver (6)
 S - a wand of polymorph (2)
Scrolls
 f - a scroll of silence
 g - 2 scrolls of vulnerability
 k - 2 scrolls of blinking
 q - 6 scrolls of amnesia
 A - a scroll of revelation
 B - 3 scrolls of fog
 N - 2 scrolls of enchant armour
 O - a scroll of brand weapon
 R - a scroll of fear
 T - a scroll of teleportation
 Z - a scroll of enchant weapon
Potions
 b - 2 potions of heal wounds
 c - 2 potions of magic
 h - 2 potions of mutation
 m - 3 potions of brilliance
 n - 10 potions of curing
 o - 2 potions of resistance
 p - a potion of invisibility
 w - 5 potions of might
 G - 5 potions of enlightenment
 H - 2 potions of ambrosia
 K - a potion of berserk rage
 L - 2 potions of lignification
 W - a potion of cancellation
Miscellaneous
 U - a lightning rod (4/4)


   Skills:
 + Level 11.2 Fighting
 + Level 10.2 Short Blades
 + Level 10.2 Long Blades
 + Level 10.2 Axes
 + Level 10.2 Maces & Flails
 + Level 10.2 Polearms
 + Level 12.1 Staves
 + Level 10.2 Ranged Weapons
 + Level 10.6 Throwing
 + Level 11.2 Armour
 + Level 10.2 Dodging
 + Level 10.3 Stealth
 + Level 10.2 Shields
 + Level 10.2 Unarmed Combat
 + Level 10.6 Spellcasting
 + Level 8.6 Conjurations
 + Level 8.6 Hexes
 + Level 8.6 Summonings
 + Level 8.6 Necromancy
 + Level 8.6 Translocations
 + Level 8.6 Transmutations
 + Level 8.6 Fire Magic
 + Level 8.9 Ice Magic
 + Level 8.6 Air Magic
 + Level 8.6 Earth Magic
 + Level 8.6 Poison Magic
 + Level 11.1 Invocations
 + Level 10.2 Evocations
 + Level 9.4 Shapeshifting


You had 16 spell levels left.
You knew the following spells:

 Your Spells              Type           Power      Damage    Failure   Level
a - Freeze                Ice            100%       1d10      1%          1
b - Blink                 Tloc           100%       N/A       1%          2
c - Ozocubu's Armour      Ice            76%        N/A       1%          3
d - Freezing Cloud        Conj/Ice/Air   37%        6-21      1%          5
e - Summon Forest         Summ/Tloc      37%        N/A       1%          5
f - Mephitic Cloud        Conj/Pois/Air  75%        N/A       1%          3

Your spell library contained the following spells:

 Spells                   Type           Power      Damage    Failure   Level
 Apportation              Tloc           100%       N/A       1%          1
 Necrotise                Necr           100%       1d9       1%          1
 Summon Small Mammal      Summ           100%       N/A       1%          1
 Cigotuvi's Dreadful Rot  Necr/Pois/Air  100%       N/A       1%          2
 Lesser Beckoning         Tloc           100%       N/A       1%          2
 Momentum Strike          Conj/Tloc      100%       3d10      1%          2
 Passwall                 Tmut/Erth      62%        N/A       1%          2
 Poisonous Vapours        Pois/Air       100%       N/A       1%          2
 Call Canine Familiar     Summ           75%        N/A       1%          3
 Gell's Gravitas          Tloc           75%        N/A       1%          3
 Ignite Poison            Fire/Tmut/Pois 75%        N/A       1%          3
 Stone Arrow              Conj/Erth      100%       3d13      1%          3
 Summon Guardian Golem    Hex/Summ       75%        N/A       1%          3
 Teleport Other           Tloc           75%        N/A       1%          3
 Summon Ice Beast         Ice/Summ       76%        N/A       1%          4
 Fireball                 Conj/Fire      37%        3d15      1%          5
 Iskenderun's Battlesphe  Conj           75%        2d12      1%          5
 Summon Mana Viper        Hex/Summ       75%        N/A       1%          5
 Simulacrum               Ice/Necr       38%        N/A       9%          6
 Conjure Ball Lightning   Conj/Air       37%        3x3d12    10%         6
 Dispersal                Tloc           37%        N/A       10%         6
 Eringya's Noxious Bog    Tmut/Pois      37%        4d6       10%         6
 Leda's Unmaking          Conj/Erth      37%        9d7       10%         6
 Summon Cactus Giant      Summ           37%        N/A       10%         6
 Malign Gateway           Summ/Tloc      37%        N/A       47%         7
 Orb of Destruction       Conj           37%        9d11      47%         7
 Summon Hydra             Summ           37%        N/A       47%         7
 Summon Horrible Things   Summ           37%        N/A       99%         8
 Shatter                  Erth           37%        3d30*     100%        9


Dungeon Overview and Level Annotations

Branches:
Dungeon (13/15)            Temple (1/1) D:6            Lair (5/5) D:8
  Swamp (0/4) Lair:3       Spider (0/4) Lair:3        Slime (0/5) Lair:4
    Orc (0/2) D:11         Vaults (0/5) D:13        Ossuary (visited)
  IceCv (visited)

Altars:
Ashenzari
Cheibriados
Dithmenos
Elyvilon
Fedhas
Gozag
Hepliaklqana
Kikubaaqudgha
Makhleb
Nemelex Xobeh
Okawaru
Qazlal
Ru
Sif Muna
Trog
Uskayaw
Vehumet
Wu Jian
Xom
Yredelemnul
Zin
The Shining One
Jiyva

Portals:
Hell: Lair:5

Annotations:
D:12 exclusion: door


Innate Abilities, Weirdness & Mutations

You have very sharp teeth.
Your uncanny sense of smell can sniff out nearby items.
Your experience applies equally to all skills.


Message History

The salamander changes into a boulder beetle!
The yaktaur captain shoots a bolt.
The bolt completely misses you.
The yaktaur hits you but does no damage.
You thump the boulder beetle!
You bite the boulder beetle, but do no damage.
The boulder beetle is heavily wounded.
The yaktaur captain shoots a bolt.
The bolt hits you but does no damage. The yaktaur closely misses you.
You hear two shouts!
You sock the boulder beetle!
The boulder beetle is severely wounded.
The yaktaur captain shoots a bolt.
The bolt barely misses you. The boulder beetle misses you.
The yaktaur completely misses you.
You hit the boulder beetle but do no damage.
You bite the boulder beetle, but do no damage.
The boulder beetle is severely wounded.
The yaktaur captain shoots a bolt.
The bolt hits you! The bolt freezes you. The boulder beetle closely misses you.
The yaktaur hits you but does no damage.
You hit the boulder beetle.
The boulder beetle is almost dead.
The yaktaur captain shoots a bolt.
The bolt hits you!! The bolt freezes you! The boulder beetle barely misses you.
The yaktaur barely misses you.
You bludgeon the boulder beetle!!
You kill the boulder beetle!
Cheibriados thoroughly appreciates the change of pace.
The yaktaur hits you.
The yaktaur captain shoots a bolt.
The bolt barely misses you.
You sock the yaktaur!
The yaktaur is moderately wounded.
The yaktaur barely misses you.
The yaktaur captain shoots a bolt.
The bolt hits you!!
* * * LOW HITPOINT WARNING * * *
The bolt freezes you.
* * * LOW HITPOINT WARNING * * *
You feel much better. The yaktaur misses you.
The yaktaur captain shoots a bolt.
The bolt hits you!!!
* * * LOW HITPOINT WARNING * * *
The bolt freezes you!
You die...

##.......# ..
#..#.###.# ..
####.##.# #...
e. ∆
#####....##.#
######.
#.........#.#
#...#.#.#.#.#
#.........#.#
#..#...###.#.#..
#......@∩#......
#.##....c#.#....
# ##........#...
#°.......##..
#.c......#
#.°☼.....#
####.....#
.##.##


You could see a yaktaur captain and a yaktaur.

Vanquished Creatures
  A frost giant (IceCv)
  The ghost of Moig the Grappler, a journeyman TrWr of Wu Jian (Lair:5)
  4 hydras
  Fannar (D:10)
  2 catoblepae
  A boulder beetle (shapeshifter) (D:13)
  A centaur warrior (D:12)
  7 two-headed ogres
  A tengu warrior (D:12)
  8 death yaks
  2 boulder beetles (D:12)
  A sixfirhy (Lair:5)
  Amaemon (Lair:3)
  2 skysharks
  A wizard (Lair:5)
  2 bog bodies (Lair:3)
  3 ugly things
  3 deep elf pyromancers
  3 manticores
  A cyclops (D:12)
  2 elephants
  A black mamba (Lair:5)
  3 orange demons
  2 ice statues
  A smoke demon (Lair:5)
  2 gargoyles (D:12)
  12 cane toads
  2 torpor snails (Lair:5)
  7 rime drakes
  2 yaktaurs
  14 komodo dragons
  An efreet (D:12)
  4 ice devils (Lair:5)
  3 hornets
  11 polar bears
  3 trolls
  Prince Ribbit (D:6)
  19 blink frogs
  3 shadows
  2 vampires
  4 wraiths
  2 spriggans
  4 basilisks
  54 yaks
  15 vampire mosquitoes
  2 redbacks (Lair:3)
  2 steam dragons
  Menkaure (D:6)
  3 hell hounds (Lair:5)
  An acid dragon (D:11)
  17 water moccasins
  2 black bears
  7 orc warriors
  3 ogres
  A sky beast (D:6)
  4 centaurs
  34 wolves
  A boggart (Lair:5)
  2 kobold brigands
  2 scorpions
  13 bullfrogs
  9 wights
  20 killer bees
  3 electric eels (Lair:5)
  3 hounds
  2 jellies
  7 orc priests
  2 gnoll boudas
  11 orc wizards
  3 iguanas
  3 hell rats (Lair:4)
  3 mummies (Ossuary)
  Robin (D:3)
  13 gnolls
  9 adders
  3 river rats (Lair:4)
  2 shadow imps
  2 white imps
  2 ufetubi
  A worm (D:2)
  50 orcs
  4 ball pythons
  3 bats (D:2)
  3 endoplasms
  6 giant cockroaches
  A gnoll zombie (Ossuary)
  11 goblins
  9 hobgoblins
  4 jackals
  3 quokkas
  3 frilled lizards (D:1)
  A goblin skeleton (D:6)
  3 goblin zombies
  4 hobgoblin zombies
  12 kobolds
  A kobold skeleton (D:6)
  6 kobold zombies
  An orc skeleton (D:6)
  14 rats
  2 snaplasher vines (Lair:2)
  4 spectral weapons
559 creatures vanquished.

Vanquished Creatures (collateral kills)
  A hydra (Lair:3)
  5 elephants (Lair:3)
  A komodo dragon (Lair:3)
  A polar bear (Lair:2)
  A redback (Lair:3)
  A bullfrog (Lair:3)
10 creatures vanquished.

Vanquished Creatures (others)
  4 snaplasher vines
  A spectral weapon (Lair:1)
5 creatures vanquished.

Grand Total: 574 creatures vanquished

Notes
Turn   | Place    | Note
-------+----------+-------------------------------------------
     0 | D:1      | cutecrawler the Gnoll Wanderer began the quest for the Orb.
     0 | D:1      | cutecrawler set off with the following items: a +3
                  | quarterstaff, a potion of heal wounds, a +0 robe; and the
                  | following spell memorised: Freeze; and the following spells
                  | available to memorise: Ozocubu's Armour.
     0 | D:1      | Reached XP level 1. HP: 20/20 MP: 4/4
   143 | D:1      | Reached XP level 2. HP: 17/26 MP: 5/5
   920 | D:2      | Reached XP level 3. HP: 30/31 MP: 5/7
  1034 | D:2      | Reached skill level 1 in Invocations
  1294 | D:2      | Reached skill level 1 in Short Blades
  1294 | D:2      | Reached skill level 1 in Long Blades
  1294 | D:2      | Reached skill level 1 in Axes
  1294 | D:2      | Reached skill level 1 in Maces & Flails
  1294 | D:2      | Reached skill level 1 in Polearms
  1294 | D:2      | Reached skill level 1 in Ranged Weapons
  1294 | D:2      | Reached skill level 1 in Dodging
  1294 | D:2      | Reached skill level 1 in Stealth
  1294 | D:2      | Reached skill level 1 in Shields
  1294 | D:2      | Reached skill level 1 in Unarmed Combat
  1294 | D:2      | Reached skill level 1 in Evocations
  1507 | D:3      | Noticed Robin
  1512 | D:3      | Reached XP level 4. HP: 37/38 MP: 8/8
  1518 | D:3      | Killed Robin
  1519 | D:3      | Reached skill level 1 in Shapeshifting
  1622 | D:3      | Reached skill level 1 in Conjurations
  1622 | D:3      | Reached skill level 1 in Hexes
  1622 | D:3      | Reached skill level 1 in Summonings
  1622 | D:3      | Reached skill level 1 in Necromancy
  1622 | D:3      | Reached skill level 1 in Translocations
  1622 | D:3      | Reached skill level 1 in Transmutations
  1622 | D:3      | Reached skill level 1 in Fire Magic
  1622 | D:3      | Reached skill level 1 in Air Magic
  1622 | D:3      | Reached skill level 1 in Earth Magic
  1622 | D:3      | Reached skill level 1 in Poison Magic
  1693 | D:3      | Got Cuirergh's Grimoire of Scree
  1874 | D:3      | Noticed a scorpion
  1891 | D:3      | Killed a scorpion
  1892 | D:3      | Reached XP level 5. HP: 38/43 MP: 1/9
  2722 | D:4      | Reached XP level 6. HP: 44/50 MP: 9/11
  2958 | D:4      | Found a burning altar of Makhleb.
  3007 | D:5      | Entered Level 5 of the Dungeon
  3028 | D:5      | Reached skill level 5 in Fighting
  3028 | D:5      | Reached skill level 5 in Armour
  3193 | D:5      | Found a sand-covered staircase.
  3198 | Ossuary  | Entered an ossuary
  3198 | Ossuary  | Noticed a wraith
  3198 | Ossuary  | Noticed a wraith
  3198 | Ossuary  | Noticed a wraith
  3487 | Ossuary  | Noticed a wraith
  3499 | Ossuary  | Killed a wraith
  3500 | Ossuary  | Reached skill level 7 in Staves
  3500 | Ossuary  | Reached XP level 7. HP: 56/56 MP: 12/12
  4592 | D:6      | Found the +1 Delatra's gloves {ID++}
  4622 | D:6      | Found a staircase to the Ecumenical Temple.
  4647 | Temple   | Entered the Ecumenical Temple
  4670 | Temple   | Became a worshipper of Cheibriados the Contemplative
  4690 | D:6      | Noticed Menkaure
  4694 | D:6      | Killed Menkaure
  4695 | D:6      | Reached XP level 8. HP: 33/63 MP: 14/14
  4835 | D:6      | Noticed Prince Ribbit
  4843 | D:6      | Killed Prince Ribbit
  4948 | D:6      | Found a shadowy altar of Dithmenos.
  5038 | D:6      | Found a glowing golden altar of the Shining One.
  5140 | D:6      | Reached * piety under Cheibriados
  5602 | D:6      | Found a white marble altar of Elyvilon.
  5648 | D:6      | Reached XP level 9. HP: 29/69 MP: 16/16
  5981 | D:6      | Found a hide-covered altar of Uskayaw.
  6095 | D:7      | Found a sparkling altar of Nemelex Xobeh.
  6153 | D:7      | Found an iron altar of Okawaru.
  6162 | D:7      | Learned a level 2 spell: Blink
  6166 | D:7      | Learned a level 3 spell: Ozocubu's Armour
  6326 | D:7      | Reached skill level 5 in Spellcasting
  6502 | D:7      | Found a shimmering blue altar of Sif Muna.
  6527 | D:7      | Noticed a hornet
  6535 | D:7      | Killed a hornet
  6552 | D:7      | Reached skill level 5 in Throwing
  6981 | D:8      | Found an ancient bone altar of Kikubaaqudgha.
  7005 | D:8      | Noticed a two-headed ogre
  7017 | D:8      | Killed a two-headed ogre
  7018 | D:8      | Reached skill level 8 in Staves
  7018 | D:8      | Reached skill level 5 in Invocations
  7307 | D:8      | Reached ** piety under Cheibriados
  7321 | D:8      | Reached XP level 10. HP: 70/77 MP: 18/18
  7363 | D:8      | Reached skill level 5 in Short Blades
  7363 | D:8      | Reached skill level 5 in Long Blades
  7363 | D:8      | Reached skill level 5 in Axes
  7363 | D:8      | Reached skill level 5 in Maces & Flails
  7363 | D:8      | Reached skill level 5 in Polearms
  7363 | D:8      | Reached skill level 5 in Ranged Weapons
  7363 | D:8      | Reached skill level 5 in Dodging
  7363 | D:8      | Reached skill level 5 in Stealth
  7363 | D:8      | Reached skill level 5 in Shields
  7363 | D:8      | Reached skill level 5 in Unarmed Combat
  7363 | D:8      | Reached skill level 5 in Evocations
  7931 | D:8      | Identified a scroll of acquirement
  7931 | D:8      | Acquired the ring of Free Expression {rPois Int+6}
  8015 | D:8      | Found a staircase to the Lair.
  8307 | D:9      | Noticed a two-headed ogre
  8312 | D:9      | Reached skill level 5 in Ice Magic
  8320 | D:9      | Reached *** piety under Cheibriados
  8344 | D:9      | Reached skill level 5 in Shapeshifting
  8356 | D:9      | Killed a two-headed ogre
  8512 | D:9      | Reached **** piety under Cheibriados
  8599 | D:9      | Reached XP level 11. HP: 57/84 MP: 20/20
  8603 | D:9      | Reached skill level 9 in Staves
  8609 | D:9      | Reached skill level 5 in Conjurations
  8609 | D:9      | Reached skill level 5 in Hexes
  8609 | D:9      | Reached skill level 5 in Summonings
  8609 | D:9      | Reached skill level 5 in Necromancy
  8609 | D:9      | Reached skill level 5 in Translocations
  8609 | D:9      | Reached skill level 5 in Transmutations
  8609 | D:9      | Reached skill level 5 in Fire Magic
  8609 | D:9      | Reached skill level 5 in Air Magic
  8609 | D:9      | Reached skill level 5 in Earth Magic
  8609 | D:9      | Reached skill level 5 in Poison Magic
  9638 | D:10     | Entered Level 10 of the Dungeon
  9706 | D:10     | Noticed Fannar
  9826 | Lair:1   | Entered Level 1 of the Lair of Beasts
  9888 | Lair:1   | Learned a level 5 spell: Freezing Cloud
 10145 | Lair:1   | Reached ***** piety under Cheibriados
 10305 | Lair:1   | Reached XP level 12. HP: 88/94 MP: 20/23
 10679 | Lair:2   | Noticed a catoblepas
 10697 | Lair:2   | Killed a catoblepas
 10770 | Lair:2   | Noticed a skyshark
 10881 | Lair:2   | Reached skill level 10 in Staves
 10920 | Lair:2   | Learned a level 5 spell: Summon Forest
 10969 | Lair:2   | Killed a skyshark
 11383 | Lair:3   | Noticed Amaemon
 11388 | Lair:3   | Killed Amaemon
 11388 | Lair:3   | Noticed a seven-headed hydra
 11392 | Lair:3   | Killed a seven-headed hydra
 11605 | Lair:3   | Identified the +9 quarterstaff of Subterfuge {heavy, Dex+3}
 11694 | Lair:3   | Reached XP level 13. HP: 75/101 MP: 21/25
 11737 | Lair:3   | Found a staircase to the Swamp.
 12154 | Lair:3   | Found a hole to the Spider Nest.
 12172 | Lair:3   | Found a radiant altar of Vehumet.
 12733 | Lair:4   | Reached ****** piety under Cheibriados
 12747 | Lair:4   | Found a frozen archway.
 12771 | IceCv    | Entered an ice cave
 13132 | IceCv    | HP: 2/103 [white ugly thing (31)]
 13318 | IceCv    | Noticed a frost giant
 13333 | IceCv    | Learned a level 3 spell: Mephitic Cloud
 13349 | IceCv    | Reached skill level 10 in Fighting
 13349 | IceCv    | Reached skill level 11 in Staves
 13349 | IceCv    | Reached skill level 10 in Armour
 13364 | IceCv    | Killed a frost giant
 13437 | IceCv    | Got the Thoughts on Congelation
 13445 | IceCv    | Identified the +1 arbalest of the Jolly Priests {freeze,
                  | Fly rCorr SInv}
 13682 | Lair:4   | Reached XP level 14. HP: 110/110 MP: 27/27
 13789 | Lair:4   | Found a staircase to the Slime Pits.
 13790 | Lair:4   | Found a viscous altar of Jiyva.
 14101 | Lair:4   | Reached skill level 10 in Invocations
 14487 | Lair:5   | Entered Level 5 of the Lair of Beasts
 14607 | Lair:5   | Found a runed translucent door.
 14610 | Lair:5   | Noticed Moig's ghost (journeyman TrWr)
 14610 | Lair:5   | Identified the +2 trident of Nouttadgh {spect, rN+}
 14686 | Lair:5   | Identified the +7 long sword of Mutilation {antimagic,
                  | *Noise Int+7}
 15415 | Lair:5   | Found a burning altar of Makhleb.
 15427 | Lair:5   | Reached skill level 10 in Spellcasting
 15452 | Lair:5   | Reached skill level 10 in Throwing
 15465 | Lair:5   | Found a gateway to Hell.
 15472 | Lair:5   | Identified the +9 hand axe of the Crawling Thing {holy,
                  | Drain Will+++ rCorr Int-5}
 15904 | Lair:5   | Killed Moig's ghost
 15938 | Lair:5   | Identified the staff of Gehenna {Fragile rF+ rCorr Str+2
                  | SInv Fire}
 16191 | D:10     | Noticed Sonja
 16192 | D:10     | Sonja changed into Sonja the hornet
 16192 | D:10     | Noticed Sonja
 16197 | D:10     | Killed Sonja the hornet
 16285 | D:10     | Killed Fannar
 17503 | D:11     | Reached XP level 15. HP: 102/117 MP: 29/29
 17565 | D:11     | Found a staircase to the Orcish Mines.
 17755 | D:12     | Found a snail-covered altar of Cheibriados.
 17755 | D:12     | Found a radiant altar of Vehumet.
 17757 | D:12     | Found an ornate altar of the Wu Jian Council.
 17757 | D:12     | Found a broken altar of Ashenzari.
 17794 | D:12     | Identified the +0 glaive "Ultimatum" {protect, Str-2 Dex+4}
 17964 | D:12     | Reached skill level 10 in Short Blades
 17964 | D:12     | Reached skill level 10 in Long Blades
 17964 | D:12     | Reached skill level 10 in Axes
 17964 | D:12     | Reached skill level 10 in Maces & Flails
 17964 | D:12     | Reached skill level 10 in Polearms
 17964 | D:12     | Reached skill level 10 in Ranged Weapons
 17964 | D:12     | Reached skill level 10 in Dodging
 17964 | D:12     | Reached skill level 10 in Stealth
 17964 | D:12     | Reached skill level 10 in Shields
 17964 | D:12     | Reached skill level 10 in Unarmed Combat
 17964 | D:12     | Reached skill level 10 in Evocations
 18065 | D:12     | Noticed a sphinx
 18095 | D:12     | Identified the +5 shortbow of Faetucao {heavy, Fragile
                  | Str+6 SInv Stlth-}
 18167 | D:12     | Reached skill level 12 in Staves
 18802 | D:13     | Found a gate to the Vaults.
 18812 | D:13     | HP: 5/119 [yaktaur captain/bolt (37)]
 18812 | D:13     | Shot with a bolt by a yaktaur captain

Illustrated notes

Levels and vault maps discovered:
D:1:      mrwooster_arrival_arrow, layout_rooms, chequers_serial_rivers_large_a
D:2:      layout_loops_ring
D:3:      layout_basic, hangedman_decor_push, uniq_robin
D:4:      layout_basic, lemuel_round_altar, minmay_unequal
D:5:      layout_layer_cave, nicolae_ossuary_entry_plus
D:6:      layout_layer_cave, nicolae_dithmenos_shadow_blocks,
          lemuel_doored_altar, nicolae_elyvilon_peaceful_grove,
          nicolae_tso_besieged_by_evil, minmay_temple_entry_ruins,
          minmay_splitting_lines, uniq_prince_ribbit1, uniq_menkaure
D:7:      layout_loops_corners, led_sif_pool, general_overflow_altar,
          kennysheep_okawaru_gauntlet, corexii_corridor_pit
D:8:      layout_cave_pods, mainiacjoe_overflow_boulevard, lair_entry_dummy,
          amethyst_killhole
D:9:      nicolae_cairo_tiling_large_dashed, layout_stronghold, minivault_16
D:10:     layout_roguey, minivault_12, uniq_fannar, uniq_sonja
D:11:     layout_basic, hiddenorc1_lemuel
D:12:     minmay_the_grid_octo_tiled_octocenter_mashed
          [minmay_the_grid_octo_shrine, minmay_the_grid_octo_concentric,
          minmay_the_grid_octo_chip, minmay_the_grid_octo_checkerflower,
          minmay_the_grid_octo_prize_star, minmay_the_grid_square_5x5_six,
          minmay_the_grid_square_5x5_two, minmay_the_grid_square_5x5_hourglass,
          minmay_the_grid_square_5x5_empty], layout_cave_pools,
          minmay_checkered_concentric_circles
D:13:     layout_loops_ring, david_vaults_2
Temple:   compressed_dpeg_triangle_lava_temple
Lair:1:   layout_long_grid, grunt_megastairs_3
Lair:2:   layout_chaotic_city, grunt_forest_large_clearings
Lair:3:   layout_layer_cave, skrybe_swamp_entry_bodies, spider_nest_entry_webs,
          basic_altar, uniq_amaemon
Lair:4:   layout_regular_city, slime_entry_1, portal_ice_cave_entry_pillars_1,
          kennysheep_abandoned_house
Lair:5:   evil_forest, layout_regular_city, ebering_ghost_funeral_grove,
          serial_bayou_ford_a, pdpol_lair_cavern_descent

Skill      XL: |  1  2  3  4  5  6  7  8  9 10 11 12 13 14 15 |
---------------+----------------------------------------------+-----
Ice Magic      | 2 3 4 5 6 7 8 |  8.9
Invocations    | 1 2 3 4 5 6 7 8 9 10 11 | 11.1
Short Blades   | 1 2 3 4 5 6 8 9 10 | 10.2
Long Blades    | 1 2 3 4 5 6 8 9 10 | 10.2
Axes           | 1 2 3 4 5 6 8 9 10 | 10.2
Maces & Flails | 1 2 3 4 5 6 8 9 10 | 10.2
Polearms       | 1 2 3 4 5 6 8 9 10 | 10.2
Ranged Weapons | 1 2 3 4 5 6 8 9 10 | 10.2
Dodging        | 1 2 3 4 5 6 8 9 10 | 10.2
Stealth        | 1 2 3 4 5 6 8 9 10 | 10.3
Shields        | 1 2 3 4 5 6 8 9 10 | 10.2
Unarmed Combat | 1 2 3 4 5 6 8 9 10 | 10.2
Evocations     | 1 2 3 4 5 6 8 9 10 | 10.2
Spellcasting   | 3 4 5 6 7 8 9 10 | 10.6
Shapeshifting  | 1 2 3 4 5 6 7 8 9 |  9.4
Conjurations   | 1 2 3 4 5 6 7 8 |  8.6
Hexes          | 1 2 3 4 5 6 7 8 |  8.6
Summonings     | 1 2 3 4 5 6 7 8 |  8.6
Necromancy     | 1 2 3 4 5 6 7 8 |  8.6
Translocations | 1 2 3 4 5 6 7 8 |  8.6
Transmutations | 1 2 3 4 5 6 7 8 |  8.6
Fire Magic     | 1 2 3 4 5 6 7 8 |  8.6
Air Magic      | 1 2 3 4 5 6 7 8 |  8.6
Earth Magic    | 1 2 3 4 5 6 7 8 |  8.6
Poison Magic   | 1 2 3 4 5 6 7 8 |  8.6
Throwing       | 3 4 5 6 7 8 9 10 | 10.6
Fighting       | 5 6 7 8 9 10 11 | 11.2
Armour         | 5 6 7 8 9 10 11 | 11.2
Staves         | 7 8 9 10 11 12 | 12.1

Action                     |  1- 3 |  4- 6 |  7- 9 | 10-12 | 13-15 || total
---------------------------+-------+-------+-------+-------+-------++-------
  Melee: Quarterstaff      |    71 |   134 |   150 |   388 |   681 ||  1424
         Bite              |     5 |     6 |    11 |    64 |   107 ||   193
  Throw: Dart              |       |     4 |     8 |       |     1 ||    13
   Cast: Freeze            |     3 |    16 |     3 |       |       ||    22
         Ozocubu's Armour  |       |       |     1 |    25 |    10 ||    36
         Summon Forest     |       |       |       |     3 |     3 ||     6
         Freezing Cloud    |       |       |       |     1 |     8 ||     9
         Mephitic Cloud    |       |       |       |       |     6 ||     6
 Invoke: Bend Time         |       |       |       |     1 |     3 ||     4
         Slouch            |       |       |       |     1 |       ||     1
  Evoke: Wand              |       |       |     9 |    16 |     5 ||    30
    Use: Scroll            |       |    16 |     4 |    11 |     5 ||    36
         Potion            |       |     1 |       |     1 |     4 ||     6
   Stab: Sleeping          |     1 |     4 |     7 |     3 |    17 ||    32
         Distracted        |       |       |       |     9 |     4 ||    13
         Confused          |       |       |       |       |     5 ||     5
 Armour: Robe              |     8 |       |       |       |       ||     8
         Leather armour    |    15 |    64 |   105 |   275 |   392 ||   851
         Skin              |       |     8 |       |       |       ||     8
         Quicksilver drago |       |       |       |       |    24 ||    24
  Dodge: Dodged            |    34 |    57 |    92 |   272 |   874 ||  1329

Table legend: (Time is in decaauts)
 A = Elapsed time spent in this place.
 B = Non-inter-level travel time spent in this place.
 C = Inter-level travel time spent in this place.
 D = Time resting spent in this place.
 E = Time spent auto-exploring this place.
 F = Levels seen in this place.
 G = Mean time per level.
                   A        B        C        D        E       F      G
               +--------+--------+--------+--------+--------+-----+--------+
         Total |  26680 |  25698 |    982 |   2158 |  17832 |  21 | 1270.5 |
       Dungeon |  15933 |  15269 |    664 |   1392 |  10823 |  13 | 1225.6 |
        Temple |     40 |     40 |      0 |      0 |      0 |   1 |   40.0 |
          Lair |   8916 |   8599 |    317 |    572 |   6165 |   5 | 1783.2 |
       Ossuary |    442 |    442 |      0 |     10 |    294 |   1 |  442.0 |
      Ice Cave |   1347 |   1347 |      0 |    183 |    550 |   1 | 1347.0 |
               +--------+--------+--------+--------+--------+-----+--------+

Top non-repeatable levels by time:
  Lair:5: 2576 daAuts
     D:9: 2404 daAuts
  Lair:3: 2225 daAuts
    D:11: 1860 daAuts
     D:8: 1676 daAuts
     D:6: 1659 daAuts
  Lair:4: 1658 daAuts
    D:12: 1555 daAuts
   IceCv: 1347 daAuts
     D:7: 1273 daAuts
  Lair:1: 1238 daAuts
  Lair:2: 1216 daAuts
     D:5: 1139 daAuts
    D:10: 1073 daAuts
     D:3: 1041 daAuts
